 Dungeon Crawl Stone Soup version 0.30-a0-393-g54b8e3be05 (webtiles) character file.

Game seed: 17398426349868481154

60 lunkers the Poker (level 4, 0/38 HPs)
             Began as a Meteoran Fighter on Dec 5, 2022.
             Constricted to death by Ijyb (3 damage)
             ... on level 3 of the Dungeon.
             The game lasted 00:03:10 (970 turns).

lunkers the Poker (Meteoran Fighter)                 Turns: 970, Time: 00:03:11

Health: 0/38       AC:  9    Str: 17    XL:     4   Next: 48%
Magic:  5/5        EV:  6    Int: 10    God:
Gold:   103        SH:  5    Dex: 15    Spells: 3/3 levels left

rFire   . . .      SeeInvis .    a - +0 trident
rCold   . . .      Faith    .    c - +0 buckler
rNeg    . . .      Spirit   .    b - +0 scale mail
rPois   .          Reflect  .    (no helmet)
rElec   .          Harm     .    (no cloak)
rCorr   .          Rampage  .    h - +1 pair of gloves
Will    .....                    (no boots)
Stlth   ..........               (no amulet)
HPRegen 0.26/turn                (no ring)
MPRegen 0.09/turn                (no ring)

@: grasped by roots, glowing, constricted
A: sense surroundings 1, otherworldly, glowing, explore regen
a: no special abilities


You were on level 3 of the Dungeon.
You visited 1 branch of the dungeon, and saw 3 of its levels.

You collected 103 gold pieces.

Inventory:

Hand Weapons
 a - a +0 trident (weapon)
 m - the +6 dagger "Xunk" {vorpal, rF- Will++ Int+4}
   (You found it on level 3 of the Dungeon)

   It inflicts extra damage upon your enemies.
   Int:       It affects your intelligence (+4).
   rF:        It makes you vulnerable to fire.
   Will:      It greatly increases your willpower.
Armour
 b - a +0 scale mail (worn)
 c - a +0 buckler (worn)
 h - a +1 pair of gloves (worn)
Scrolls
 f - 2 scrolls of immolation {unknown}
 g - 3 scrolls of identify {unknown}
 i - a scroll of fear {unknown}
 j - a scroll of noise {unknown}
 l - a scroll of amnesia {unknown}
 n - a scroll of brand weapon {unknown}
 p - a scroll of enchant weapon {unknown}
Potions
 d - a potion of might
 e - a potion of lignification {unknown}
 k - a potion of degeneration {unknown}
 o - a potion of curing {unknown}


   Skills:
 - Level 3.2 Fighting
 + Level 5.1 Polearms
 - Level 3.6 Armour
 - Level 3.6 Shields


You had 3 spell levels left.
You didn't know any spells.
Your spell library contained the following spells:

 Spells                   Type           Power      Damage    Failure   Level
 Sting                    Tmut/Pois      0%         1d3       86%         1
 Poisonous Vapours        Pois/Air       0%         N/A       94%         2
 Olgreb's Toxic Radiance  Pois           0%         N/A       100%        4


Dungeon Overview and Level Annotations

Branches:
Dungeon (3/15) Zot: 809

Altars:

Annotations:
D:3 Ijyb


Innate Abilities, Weirdness & Mutations

You passively map a small area around you.
You are easily found by Zot.
You glow in the dark.
You regain HP and MP as you explore.


Message History

The grasping roots grab you!
Ijyb is unaffected.
The grasping roots constrict you.
* * * LOW HITPOINT WARNING * * *
Unknown command.
Unknown command.
Unknown command.
Reach: a) +0 trident
Press: ? - help, Dir - move target, f/p - Ijyb
Aim: Ijyb, wielding a +0 dagger, wearing a +0 leather armour of positive energy and carrying a wand of roots (6) (heavily wounded, about 47% to evade your +0 trident)
You hit Ijyb.
Ijyb is heavily wounded.
You block Ijyb's attack. The grasping roots constrict you.
Reach: a) +0 trident
Press: ? - help, Dir - move target, f/p - Ijyb
Aim: Ijyb, wielding a +0 dagger, wearing a +0 leather armour of positive energy and carrying a wand of roots (6) (heavily wounded, about 47% to evade your +0 trident)
You hit Ijyb.
Ijyb is severely wounded.
Ijyb hits you with a +0 dagger.
* * * LOW HITPOINT WARNING * * *
The grasping roots constrict you.
* * * LOW HITPOINT WARNING * * *
The grasping roots release their grip on you.
Unknown command.
Reach: a) +0 trident
Press: ? - help, Dir - move target, f/p - Ijyb
Aim: Ijyb, wielding a +0 dagger, wearing a +0 leather armour of positive energy and carrying a wand of roots (6) (heavily wounded, about 47% to evade your +0 trident)
You hit Ijyb.
Ijyb is severely wounded.
Ijyb zaps a wand.
The roots erupt in riotous growth!
The grasping roots grab you!
Ijyb is unaffected.
The grasping roots constrict you.
* * * LOW HITPOINT WARNING * * *
Unknown command.
Reach: a) +0 trident
Press: ? - help, Dir - move target, f/p - Ijyb
Aim: Ijyb, wielding a +0 dagger, wearing a +0 leather armour of positive energy and carrying a wand of roots (5) (severely wounded, about 47% to evade your +0 trident)
You barely miss Ijyb.
Ijyb is severely wounded.
Ijyb hits you but does no damage. The grasping roots constrict you.
You die...

##.#....+.....+.........
#.......#<....#.#.......
######..#.....#.#......#
#......#....#......#
#.#..#.#.####......#
#.#....#........####
##.#.#.....###.#.# *
#..............#.# , ,
#.##@#...#.###.#.#
#.####.##g#.........#.###
....J.....J#.............#
,
##.######.....#...##....##
,#.#...#.#.....#.# * *
#.#.#.###.........# # ,
#....†....#......#### ,
#.###.#...+.......... #.
#.#..##...#...###


You could see Ijyb and an endoplasm.

Vanquished Creatures
  2 adders
  5 bats
  An endoplasm (D:1)
  3 giant cockroaches
  4 goblins
  2 hobgoblins
  9 jackals
  A quokka (D:1)
  3 ball pythons (D:2)
  4 frilled lizards
  3 kobolds
  3 rats
40 creatures vanquished.

Notes
Turn   | Place    | Note
-------+----------+-------------------------------------------
     0 | D:1      | lunkers the Meteoran Fighter began the quest for the Orb.
     0 | D:1      | Reached XP level 1. HP: 19/19 MP: 2/2
   100 | D:1      | Reached skill level 3 in Polearms
   100 | D:1      | Reached XP level 2. HP: 22/26 MP: 3/3
   296 | D:1      | Reached XP level 3. HP: 28/31 MP: 4/4
   362 | D:1      | Reached skill level 4 in Polearms
   362 | D:1      | Found a faded altar of an unknown god.
   746 | D:2      | Reached XP level 4. HP: 38/38 MP: 5/5
   787 | D:2      | Identified the +9 short sword of Analysis {antimagic,
                  | rPois}
   826 | D:3      | Identified the +6 dagger "Xunk" {vorpal, rF- Will++ Int+4}
   903 | D:3      | Reached skill level 5 in Polearms
   932 | D:3      | Noticed Ijyb
   970 | D:3      | Constricted to death by Ijyb

Illustrated notes

Levels and vault maps discovered:
D:1:      dpeg_arrival_lava_altar, layout_loops_corners, serial_forest,
          infiniplex_forest_lined_1, infiniplex_forest_zigzag_1,
          infiniplex_forest_end_1, infiniplex_forest_diagonal,
          infiniplex_forest_clump_curved, infiniplex_forest_straight_2,
          basic_ecumenical_altar, serial_shops, nicolae_shop_hallway_plus,
          minmay_tromino_v4_b
D:2:      layout_loops_corners
D:3:      layout_basic, mainiacjoe_overflow_paths, grunt_ministairs_6, uniq_ijyb

Skill      XL: |  1  2  3  4 |
---------------+-------------+-----
Polearms       | 3 4 5 |  5.1
Fighting       | |  3.2
Armour         | |  3.6
Shields        | |  3.6

Action                   |  1- 3 |  4- 6 || total
-------------------------+-------+-------++-------
Melee: Trident           |   104 |    49 ||   153
Armor: Scale mail        |    35 |    29 ||    64
Dodge: Dodged            |    36 |    14 ||    50
Block: Buckler           |    19 |     9 ||    28

Table legend: (Time is in decaauts)
 A = Elapsed time spent in this place.
 B = Non-inter-level travel time spent in this place.
 C = Inter-level travel time spent in this place.
 D = Time resting spent in this place.
 E = Time spent auto-exploring this place.
 F = Levels seen in this place.
 G = Mean time per level.
                   A        B        C        D        E       F      G
               +--------+--------+--------+--------+--------+-----+--------+
         Total |    989 |    989 |      0 |      0 |    654 |   3 |  329.7 |
       Dungeon |    989 |    989 |      0 |      0 |    654 |   3 |  329.7 |
               +--------+--------+--------+--------+--------+-----+--------+

Top non-repeatable levels by time:
     D:1: 450 daAuts
     D:2: 386 daAuts
     D:3: 152 daAuts
